 Dungeon Crawl Stone Soup version 0.31-a0-360-gb3e1d13bf4 (webtiles) character file.

Game seed: 16220404067426141081

46057 cforsyth the Prestidigitator (level 14, -7/98 HPs)
             Began as a Gnoll Artificer on July 26, 2023.
             Was an Elder of Hepliaklqana.
             Killed from afar by an ice dragon (51 damage)
             ... with a blast of cold
             ... on level 3 of the Lair of Beasts.
             The game lasted 00:36:19 (24050 turns).

cforsyth the Prestidigitator (Gnoll Artificer)     Turns: 24050, Time: 00:36:20

Health: -7/98      AC: 22    Str: 12    XL:     14   Next: 35%
Magic:  0/27       EV: 15    Int: 21    God:    Hepliaklqana [****..]
Gold:   1223       SH:  0    Dex: 17    Spells: 31/31 levels left

rFire   + . .        n - +6 long sword "Inlaoph" {elec, rPois Int+6}
rCold   . . .        (no shield)
rNeg    . . .        G - +1 chain mail of Mamean {Dex+4}
rPois   +            S - +1 hat {Stlth+}
rElec   .            N - +2 cloak {rCorr}
rCorr   +            b - +1 pair of gloves {infuse}
SInv    .            H - +1 pair of boots
Will    +....        P - amulet of guardian spirit
Stlth   +++          X - +5 ring of evasion
HPRegen 0.36/turn    y - ring of protection from fire
MPRegen 0.20/turn

%: guardian spirit
@: no status effects
A: reduced essence, fangs 1, strong nose, distributed training
a: Renounce Religion, Recall Ancestor, Ancestor Identity, Transference, Idealise


You were on level 3 of the Lair of Beasts.
You worshipped Hepliaklqana.
Hepliaklqana was greatly pleased with you.
You visited 3 branches of the dungeon, and saw 17 of its levels.

You collected 1223 gold pieces.

Inventory:

Hand Weapons
 n - the +6 long sword "Inlaoph" (weapon) {elec, rPois Int+6}
   (You found it on level 3 of the Lair of Beasts)

   Int:       It affects your intelligence (+6).
   rPois:     It protects you from poison.
 D - a +0 demon whip of venom
Armour
 b - a +1 pair of gloves of infusion (worn)
 s - a +1 scale mail of positive energy
 G - the +1 chain mail of Mamean (worn) {Dex+4}
   (You found it on level 2 of the Lair of Beasts)

   Dex:       It affects your dexterity (+4).
 H - a +1 pair of boots (worn)
 N - a +2 cloak of preservation (worn)
 S - a +1 hat of stealth (worn)
Jewellery
 m - a +6 ring of intelligence
 w - a ring of resist corrosion
 y - a ring of protection from fire (right hand)
 C - a ring of flight
 F - a ring of wizardry
 P - an amulet of guardian spirit (around neck)
 R - a ring of willpower
 T - a +6 ring of strength
 X - a +5 ring of evasion (left hand)
 Y - a ring of poison resistance
Wands
 d - a wand of charming (4)
 f - a wand of quicksilver (10)
 x - a wand of digging (14)
 A - a wand of polymorph (4)
 O - a wand of roots (7)
 Q - a wand of flame (23)
 U - a wand of paralysis (2)
 Z - a wand of mindburst (4)
Scrolls
 c - 6 scrolls of teleportation {unknown}
 e - a scroll of fear
 p - 3 scrolls of amnesia {unknown}
 q - 2 scrolls of enchant armour {unknown}
 u - 3 scrolls of immolation {unknown}
 v - 2 scrolls of vulnerability {unknown}
 z - a scroll of poison
 E - a scroll of summoning
 J - 3 scrolls of acquirement {unknown}
 K - a scroll of torment
 V - 2 scrolls of enchant weapon {unknown}
 W - 2 scrolls of fog {unknown}
Potions
 g - 2 potions of attraction
 h - 4 potions of enlightenment
 i - 2 potions of brilliance
 j - 5 potions of lignification
 k - 2 potions of heal wounds
 l - 6 potions of curing
 o - 3 potions of mutation
 t - 3 potions of resistance
 I - 2 potions of ambrosia
 L - a potion of haste
 M - 3 potions of might
Miscellaneous
 a - a phial of floods


   Skills:
 + Level 9.7 Fighting
 + Level 9.3 Short Blades
 + Level 9.3 Long Blades
 + Level 9.3 Axes
 + Level 9.3 Maces & Flails
 + Level 9.3 Polearms
 + Level 9.3 Staves
 + Level 9.3 Ranged Weapons
 + Level 9.3 Throwing
 + Level 10.4 Armour
 + Level 9.7 Dodging
 + Level 9.6 Stealth
 + Level 9.3 Shields
 + Level 9.3 Unarmed Combat
 + Level 9.3 Spellcasting
 + Level 7.8 Conjurations
 + Level 7.8 Hexes
 + Level 7.8 Summonings
 + Level 7.8 Necromancy
 + Level 7.8 Translocations
 + Level 7.8 Transmutations
 + Level 7.8 Fire Magic
 + Level 7.8 Ice Magic
 + Level 7.8 Air Magic
 + Level 7.8 Earth Magic
 + Level 7.8 Poison Magic
 + Level 10.1 Invocations
 + Level 11.3 Evocations
 + Level 7.8 Shapeshifting


You had 31 spell levels left.
You didn't know any spells.
Your spell library contained the following spells:

 Spells                   Type           Power      Damage    Failure   Level
 Slow                     Hex            100%       N/A       3%          1
 Cigotuvi's Dreadful Rot  Necr/Pois/Air  84%        N/A       6%          2
 Sublimation of Blood     Necr           42%        N/A       6%          2
 Wereblood                Tmut           42%        N/A       6%          2
 Confusing Touch          Hex            42%        N/A       12%         3
 Vampiric Draining        Necr           42%        2d9       12%         3
 Volatile Blastmotes      Fire/Tloc      84%        2d17      12%         3
 Animate Armour           Summ/Erth      84%        N/A       36%         4
 Fulminant Prism          Conj/Hex       21%        3d12      36%         4
 Iskenderun's Mystic Bla  Conj/Tloc      42%        2d10      36%         4
 Summon Lightning Spire   Summ/Air       42%        N/A       36%         4
 Iskenderun's Battlesphe  Conj           42%        2d9       71%         5
 Lee's Rapid Deconstruct  Erth           21%        3d12*     71%         5
 Conjure Ball Lightning   Conj/Air       21%        3x3d6     99%         6
 Leda's Unmaking          Conj/Erth      21%        9d4       99%         6
 Simulacrum               Ice/Necr       21%        N/A       99%         6
 Ozocubu's Refrigeration  Ice            21%        4d12      100%        7
 Spellforged Servitor     Conj/Summ      21%        N/A       100%        7
 Summon Hydra             Summ           21%        N/A       100%        7
 Borgnjor's Revivificati  Necr           21%        N/A       100%        8
 Polar Vortex             Ice            21%        12d2*     100%        9


Dungeon Overview and Level Annotations

Branches:
Dungeon (13/15)            Temple (1/1) D:7            Lair (3/5) D:10
 Shoals (0/4) Lair:3        Snake (0/4) Lair:2          Orc (0/2) D:10
 Vaults (0/5) D:13

Altars:
Ashenzari
Cheibriados
Dithmenos
Elyvilon
Fedhas
Gozag
Hepliaklqana
Kikubaaqudgha
Makhleb
Nemelex Xobeh
Okawaru
Qazlal
Ru
Sif Muna
Trog
Uskayaw
Vehumet
Wu Jian
Xom
Yredelemnul
Zin
The Shining One

Shops:
D:1 :   D:10 :

Portals:
Trove: D:10 (show slimy rune of Zot)


Innate Abilities, Weirdness & Mutations

Your life essence is reduced to manifest your ancestor. (-10% HP)
You have very sharp teeth.
Your uncanny sense of smell can sniff out nearby items.
Your experience applies equally to all skills.


Message History

The rime drake breathes ice at you. The icy flash freeze hits you!
You are encased in ice.
Publius hits the rime drake with a +0 quarterstaff!
The rime drake dies!
The rime drake bites you but does no damage.
You are too injured to fight recklessly!
You are too injured to fight recklessly!
You are too injured to fight recklessly!
You are too injured to fight recklessly!
You are too injured to fight recklessly!
You are too injured to fight recklessly!
You are too injured to fight recklessly!
You are too injured to fight recklessly!
You are too injured to fight recklessly!
You slash the rime drake!
The rime drake is moderately wounded.
The rime drake bites you but does no damage.
Unknown command.
You slice the rime drake!! Your bite misses the rime drake.
The rime drake is almost dead.
The rime drake bites you but does no damage.
Publius hits the rime drake with a +0 quarterstaff.
The ice dragon closely misses you. The ice dragon claws you.
The ice dragon barely misses you.
You closely miss the rime drake. You bite the rime drake.
You kill the rime drake!
Publius gestures at the ice dragon while chanting.
The stone arrow hits the ice dragon!
The ice dragon misses you.
The ice dragon claws you but does no damage.
The ice dragon closely misses you.
You slash the ice dragon!
The ice dragon is moderately wounded.
The ice encasing you melts away.
Publius points at the ice dragon and mumbles some strange words.
The stone arrow hits the ice dragon!!
The ice dragon breathes frost at you. The blast of cold hits you!!!
Ouch! That really hurt!
You die...

#..............................
##.............................
##.<...........................
#..............................
##.............................
#................###.##.......
#.P#..#P###......#######......
##..###### ##....#.######......
#..## #.# ##.@R...+..##.....#.
##..# #.## #..D..###..###....#.
#.#.####..# ##....P##..#
#....## ###.')....#
#....<.....###....## #.####..#
##......#...#.....## #.# #.#.#
#.....#######......#
##.#####^###P.....#######......
#..#.#[#+..P.......P##.kD......
#....................k..k......


You could see the friendly Publius the battlemage and an ice dragon (catching
breath, ally target).

Vanquished Creatures
  Gastronok (D:8)
  The ghost of pigah the Martial Artist, a journeyman OpSh of Gozag (Lair:2)
  The ghost of Newt the Mimic, a journeyman DrSh of the Shining One (Lair:2)
  2 centaur warriors
  4 two-headed ogres
  A skyshark (Lair:3)
  A deep troll (Lair:1)
  A manticore (D:9)
  A cyclops (D:7)
  Maurice (D:8)
  A black mamba (Lair:3)
  11 elephants
  5 cane toads
  An orange demon (Lair:2)
  A gargoyle (D:10)
  An unseen horror (D:10)
  2 rime drakes (Lair:3)
  Psyche (D:10)
  A kobold demonologist (D:7)
  A guardian mummy (D:10)
  3 merfolk (Lair:3)
  2 polar bears (D:10)
  2 trolls
  5 blink frogs
  2 shadows (D:11)
  2 wyverns
  2 wraiths (D:12)
  14 yaks
  2 vampire mosquitoes
  2 basilisks (Lair:2)
  4 steam dragons (D:7)
  2 nagas (Lair:2)
  3 acid dragons
  4 water moccasins
  An ice beast (D:6)
  6 orc warriors
  4 sky beasts (D:7)
  A black bear (D:5)
  2 ogres
  6 wolves
  A centaur (D:9)
  2 phantoms
  7 bullfrogs
  6 scorpions
  8 killer bees (D:8)
  A howler monkey (D:7)
  8 hounds
  A gnoll bouda (D:9)
  4 orc priests
  3 jellies
  Terence (D:3)
  4 iguanas
  2 sleepcaps (D:6)
  5 orc wizards
  13 gnolls
  6 adders
  3 shadow imps (D:7)
  3 white imps
  2 ufetubi
  4 worms
  32 orcs
  7 ball pythons
  A bat (D:2)
  9 endoplasms
  5 giant cockroaches
  6 goblins
  7 hobgoblins
  11 jackals
  13 kobolds
  6 quokkas
  3 frilled lizards (D:3)
  9 rats
  A spectral orc (D:5)
302 creatures vanquished.

Vanquished Creatures (collateral kills)
  A hydra (Lair:3)
  4 two-headed ogres
  A catoblepas (Lair:1)
  Nergalle (Lair:2)
  Amaemon (Lair:2)
  A lindwurm (Lair:3)
  A cyclops (D:12)
  A manticore (D:12)
  An ugly thing (D:11)
  5 elephants
  4 black mambas
  3 cane toads
  4 rime drakes
  A kobold demonologist (D:11)
  4 komodo dragons
  A polar bear (Lair:1)
  A merfolk (Lair:3)
  Prince Ribbit (Lair:2)
  9 blink frogs
  A wraith (D:11)
  2 basilisks
  A wyvern (D:11)
  11 yaks
  A vampire (D:11)
  A vampire mosquito (D:10)
  An acid dragon (D:10)
  2 nagas (Lair:2)
  4 water moccasins
  An orc warrior (D:10)
  5 wolves
  A kobold brigand (D:11)
  3 bullfrogs
  An electric eel (Lair:2)
  A crimson imp (D:12)
  An orc priest (D:9)
  3 orc wizards
  6 orcs
91 creatures vanquished.

Vanquished Creatures (others)
  A wizard (D:12)
  A killer bee (D:8)
  5 battlemagi
  An orc priest (D:8)
  2 ancestors (D:10)
10 creatures vanquished.

Grand Total: 403 creatures vanquished

Notes
Turn   | Place    | Note
-------+----------+-------------------------------------------
     0 | D:1      | cforsyth the Gnoll Artificer began the quest for the Orb.
     0 | D:1      | Reached XP level 1. HP: 17/17 MP: 1/1
   105 | D:1      | Found Cutuageb's Book Boutique.
   157 | D:1      | Reached XP level 2. HP: 11/23 MP: 2/2
   962 | D:1      | Reached XP level 3. HP: 22/28 MP: 3/3
  1191 | D:2      | Reached skill level 1 in Invocations
  1336 | D:2      | Reached skill level 1 in Short Blades
  1336 | D:2      | Reached skill level 1 in Long Blades
  1336 | D:2      | Reached skill level 1 in Axes
  1336 | D:2      | Reached skill level 1 in Maces & Flails
  1336 | D:2      | Reached skill level 1 in Polearms
  1336 | D:2      | Reached skill level 1 in Staves
  1336 | D:2      | Reached skill level 1 in Ranged Weapons
  1336 | D:2      | Reached skill level 1 in Throwing
  1336 | D:2      | Reached skill level 1 in Shields
  1336 | D:2      | Reached skill level 1 in Unarmed Combat
  1336 | D:2      | Reached skill level 1 in Spellcasting
  1488 | D:2      | Reached XP level 4. HP: 34/34 MP: 5/5
  1993 | D:3      | Reached skill level 1 in Conjurations
  1993 | D:3      | Reached skill level 1 in Hexes
  1993 | D:3      | Reached skill level 1 in Summonings
  1993 | D:3      | Reached skill level 1 in Necromancy
  1993 | D:3      | Reached skill level 1 in Translocations
  1993 | D:3      | Reached skill level 1 in Transmutations
  1993 | D:3      | Reached skill level 1 in Fire Magic
  1993 | D:3      | Reached skill level 1 in Ice Magic
  1993 | D:3      | Reached skill level 1 in Air Magic
  1993 | D:3      | Reached skill level 1 in Earth Magic
  1993 | D:3      | Reached skill level 1 in Poison Magic
  1993 | D:3      | Reached skill level 1 in Shapeshifting
  2162 | D:3      | Noticed Terence
  2177 | D:3      | Killed Terence
  2178 | D:3      | Reached XP level 5. HP: 32/40 MP: 5/7
  2762 | D:3      | Found a glowing golden altar of the Shining One.
  2762 | D:3      | Found a glowing silver altar of Zin.
  2762 | D:3      | Found a white marble altar of Elyvilon.
  3437 | D:4      | Found a shimmering altar of Xom.
  3748 | D:3      | Reached XP level 6. HP: 47/47 MP: 8/8
  3952 | D:4      | Reached skill level 5 in Armour
  4392 | D:4      | Found a snail-covered altar of Cheibriados.
  4502 | D:5      | Entered Level 5 of the Dungeon
  4527 | D:5      | Reached skill level 7 in Evocations
  4527 | D:5      | Reached XP level 7. HP: 26/52 MP: 10/10
  5159 | D:5      | Found a basalt altar of Yredelemnul.
  5360 | D:5      | Reached XP level 8. HP: 47/60 MP: 12/12
  6285 | D:6      | Found a shadowy altar of Dithmenos.
  6380 | D:6      | Noticed a two-headed ogre
  6396 | D:6      | Killed a two-headed ogre
  6397 | D:6      | Reached XP level 9. HP: 28/67 MP: 13/15
  7041 | D:7      | Noticed a troll
  7055 | D:6      | Reached skill level 5 in Fighting
  7055 | D:6      | Reached skill level 5 in Dodging
  7070 | D:6      | Killed a troll
  7116 | D:7      | Reached skill level 5 in Stealth
  7152 | D:7      | Found a staircase to the Ecumenical Temple.
  7203 | Temple   | Entered the Ecumenical Temple
  7239 | D:7      | Reached skill level 8 in Evocations
  7512 | D:7      | Reached skill level 5 in Invocations
  7749 | D:7      | Found an opulent altar of Gozag.
  7755 | D:7      | Found a shimmering blue altar of Sif Muna.
  7913 | D:7      | Noticed a kobold demonologist
  7921 | D:7      | Noticed an ice devil
  8353 | D:7      | Reached XP level 10. HP: 38/75 MP: 17/17
  8367 | D:7      | Reached skill level 5 in Short Blades
  8367 | D:7      | Reached skill level 5 in Long Blades
  8367 | D:7      | Reached skill level 5 in Axes
  8367 | D:7      | Reached skill level 5 in Maces & Flails
  8367 | D:7      | Reached skill level 5 in Polearms
  8367 | D:7      | Reached skill level 5 in Staves
  8367 | D:7      | Reached skill level 5 in Ranged Weapons
  8367 | D:7      | Reached skill level 5 in Throwing
  8367 | D:7      | Reached skill level 5 in Shields
  8367 | D:7      | Reached skill level 5 in Unarmed Combat
  8367 | D:7      | Reached skill level 5 in Spellcasting
  9196 | D:7      | Noticed a centaur warrior
  9420 | D:7      | Killed a centaur warrior
  9589 | D:7      | Killed a kobold demonologist
  9864 | D:7      | Noticed a cyclops
 10321 | D:7      | Noticed a two-headed ogre
 10354 | D:7      | Killed a two-headed ogre
 10815 | D:7      | Killed a cyclops
 10816 | D:7      | Reached XP level 11. HP: 17/79 MP: 19/19
 11233 | D:8      | Noticed Gastronok
 11237 | D:8      | Noticed Maurice
 11262 | D:8      | Killed Gastronok
 11263 | D:8      | Reached skill level 5 in Conjurations
 11263 | D:8      | Reached skill level 5 in Hexes
 11263 | D:8      | Reached skill level 5 in Summonings
 11263 | D:8      | Reached skill level 5 in Necromancy
 11263 | D:8      | Reached skill level 5 in Translocations
 11263 | D:8      | Reached skill level 5 in Transmutations
 11263 | D:8      | Reached skill level 5 in Fire Magic
 11263 | D:8      | Reached skill level 5 in Ice Magic
 11263 | D:8      | Reached skill level 5 in Air Magic
 11263 | D:8      | Reached skill level 5 in Earth Magic
 11263 | D:8      | Reached skill level 5 in Poison Magic
 11263 | D:8      | Reached skill level 9 in Evocations
 11263 | D:8      | Reached skill level 5 in Shapeshifting
 11280 | D:8      | Killed Maurice
 12037 | D:9      | Noticed a manticore
 12050 | D:9      | Killed a manticore
 12254 | D:9      | Found a hazy altar of Hepliaklqana.
 12273 | D:9      | Became a worshipper of Hepliaklqana the Forgotten
 12277 | D:9      | Noticed a two-headed ogre
 12292 | D:9      | Killed a two-headed ogre
 12845 | D:9      | Got the Precepts of the Foggy Autopsy
 13768 | D:10     | Entered Level 10 of the Dungeon
 13995 | D:10     | Reached * piety under Hepliaklqana
 13999 | D:10     | Found an ornate altar of the Wu Jian Council.
 14008 | D:10     | Found Seix's Tiny Tomes.
 14025 | D:10     | Found an ancient bone altar of Kikubaaqudgha.
 15031 | D:10     | Noticed a two-headed ogre
 15047 | D:10     | Killed a two-headed ogre
 15216 | D:10     | Noticed Psyche
 15226 | D:10     | Killed Psyche
 15277 | D:10     | Found a staircase to the Lair.
 15450 | D:10     | Found a staircase to the Orcish Mines.
 15568 | D:10     | Found a portal to a secret trove of treasure.
 16071 | D:11     | Noticed a green ugly thing
 16080 | D:11     | Killed a green ugly thing
 16081 | D:11     | Reached XP level 12. HP: 63/81 MP: 16/22
 16172 | D:11     | Identified the +4 rapier of Moral Flaws {vamp, Int+4}
 16183 | D:11     | Reached ** piety under Hepliaklqana
 16184 | D:11     | Remembered your ancestor Publius as a battlemage
 16315 | D:11     | Noticed a sun demon
 16382 | D:11     | Noticed a two-headed ogre
 16394 | D:11     | Killed a two-headed ogre
 16456 | D:11     | Noticed a two-headed ogre
 16464 | D:11     | Killed a two-headed ogre
 16953 | D:11     | Noticed a two-headed ogre
 16961 | D:11     | Killed a two-headed ogre
 17222 | D:12     | Reached skill level 10 in Evocations
 18496 | D:13     | Noticed a two-headed ogre
 18504 | D:13     | Killed a two-headed ogre
 18604 | D:13     | Noticed a centaur warrior
 18614 | D:13     | Killed a centaur warrior
 18712 | D:13     | Noticed a vault guard
 18712 | D:13     | Noticed a vault guard
 18713 | D:13     | Found a gate to the Vaults.
 18713 | D:13     | Noticed a vault guard
 18713 | D:13     | Noticed a vault guard
 18713 | D:13     | Noticed a vault guard
 18713 | D:13     | Noticed a vault guard
 18713 | D:13     | Noticed a vault guard
 18777 | Lair:1   | Entered Level 1 of the Lair of Beasts
 18863 | Lair:1   | Noticed a catoblepas
 18877 | Lair:1   | Killed a catoblepas
 19036 | Lair:1   | Reached XP level 13. HP: 44/89 MP: 3/25
 20216 | Lair:1   | Reached *** piety under Hepliaklqana
 20775 | Lair:2   | Found a staircase to the Snake Pit.
 20932 | Lair:2   | Found a runed translucent door.
 21011 | Lair:2   | Noticed Prince Ribbit
 21035 | Lair:2   | Killed Prince Ribbit
 21500 | Lair:2   | Noticed Nergalle
 21510 | Lair:2   | Killed Nergalle
 21672 | Lair:2   | Noticed Newt's ghost (journeyman DrSh)
 21751 | Lair:2   | Noticed Amaemon
 21767 | Lair:2   | Killed Amaemon
 21819 | Lair:2   | Identified the +1 chain mail of Mamean {Dex+4}
 21965 | Lair:2   | Killed Newt's ghost
 22199 | Lair:3   | Reached skill level 10 in Armour
 22199 | Lair:3   | Reached skill level 11 in Evocations
 22243 | Lair:3   | Identified the +6 long sword "Inlaoph" {elec, rPois Int+6}
 22428 | Lair:3   | Found a runed translucent gate.
 22430 | Lair:3   | Found a runed translucent gate.
 22432 | Lair:3   | Found a runed translucent gate.
 22438 | Lair:3   | Reached **** piety under Hepliaklqana
 22446 | Lair:3   | Noticed an ice dragon
 22680 | Lair:3   | Reached XP level 14. HP: 72/97 MP: 13/27
 23091 | Lair:3   | Found a staircase to the Shoals.
 23096 | Lair:3   | Reached skill level 10 in Invocations
 23706 | Lair:3   | Noticed pigah's ghost (journeyman OpSh)
 23974 | Lair:2   | Killed pigah's ghost
 24050 | Lair:3   | Killed from afar by an ice dragon

Illustrated notes

Levels and vault maps discovered:
D:1:      scummos_arrival_gate, layout_basic, serial_shops, shop
D:2:      layout_basic, minmay_unequal
D:3:      layout_basic, good_gods_mini_temple, uniq_terence
D:4:      minmay_door_path, layout_loops_ring, xom_confusion_cloud, slow_altar_2
D:5:      layout_basic, yredelemnul_forgotten_temple_becter, st_stairs_1
D:6:      layout_gridville, mainiacjoe_overflow_concentric_impassable,
          roderic_roman_lattice
D:7:      nzn_winding_woodlands_cross [nzn_winding_woodlands_5x15_parted,
          nzn_winding_woodlands_5x15_pockets, nzn_winding_woodlands_5x15_pool,
          nzn_winding_woodlands_5x15_jagged,
          nzn_winding_woodlands_15x15_thick_spiral], layout_rooms,
          mainiacjoe_overflow_catwalk, nicolae_sif_muna_condensation,
          hangedman_misty_isle
D:8:      layout_loops_ring, corexii_hall_statues_x, uniq_gastronok,
          uniq_maurice
D:9:      layout_loops_corners, mainiacjoe_overflow_chevrons
D:10:     layout_stronghold, mainiacjoe_overflow_small_starburst,
          mainiacjoe_overflow_six_doors_small, hellmonk_lair_entry_icy,
          orc_0_dummy, nicolae_trove_entry_path_of_doom, minmay_misc_feat_rows,
          nicolae_shop_i_like_small_books_too, uniq_psyche
D:11:     layout_roguey, nrook_campfire
D:12:     layout_basic, lightli_wizard_tower
D:13:     layout_layer_cave, erik_vaults_2
Temple:   eino_wide_crystal_templ
Lair:1:   dreamdust_cave_troll, layout_long_grid
Lair:2:   layout_small_grid, guppyfry_snake_entry_garden,
          ebering_ghost_reflecting_pool, infiniplex_staircase_pool,
          uniq_prince_ribbit2, uniq_amaemon, uniq_nergalle
Lair:3:   layout_regular_city, elwin_shoals_entry_stream, gammafunk_ghost_icy,
          cheibrodos_lair_reptile_den

Skill      XL: |  1  2  3  4  5  6  7  8  9 10 11 12 13 14 |
---------------+-------------------------------------------+-----
Invocations    | 1 2 3 4 5 6 7 8 9 10 | 10.1
Short Blades   | 1 2 4 5 7 8 9 |  9.3
Long Blades    | 1 2 4 5 7 8 9 |  9.3
Axes           | 1 2 4 5 7 8 9 |  9.3
Maces & Flails | 1 2 4 5 7 8 9 |  9.3
Polearms       | 1 2 4 5 7 8 9 |  9.3
Staves         | 1 2 4 5 7 8 9 |  9.3
Ranged Weapons | 1 2 4 5 7 8 9 |  9.3
Throwing       | 1 2 4 5 7 8 9 |  9.3
Shields        | 1 2 4 5 7 8 9 |  9.3
Unarmed Combat | 1 2 4 5 7 8 9 |  9.3
Spellcasting   | 1 2 4 5 7 8 9 |  9.3
Conjurations   | 1 2 3 4 5 6 7 |  7.8
Hexes          | 1 2 3 4 5 6 7 |  7.8
Summonings     | 1 2 3 4 5 6 7 |  7.8
Necromancy     | 1 2 3 4 5 6 7 |  7.8
Translocations | 1 2 3 4 5 6 7 |  7.8
Transmutations | 1 2 3 4 5 6 7 |  7.8
Fire Magic     | 1 2 3 4 5 6 7 |  7.8
Ice Magic      | 1 2 3 4 5 6 7 |  7.8
Air Magic      | 1 2 3 4 5 6 7 |  7.8
Earth Magic    | 1 2 3 4 5 6 7 |  7.8
Poison Magic   | 1 2 3 4 5 6 7 |  7.8
Shapeshifting  | 1 2 3 4 5 6 7 |  7.8
Fighting       | 3 4 5 6 7 8 9 |  9.7
Dodging        | 3 4 5 6 7 8 9 |  9.7
Stealth        | 3 4 5 6 7 8 9 |  9.6
Armour         | 5 6 7 8 9 10 | 10.4
Evocations     | 7 8 9 10 11 | 11.3

Action                     |  1- 3 |  4- 6 |  7- 9 | 10-12 | 13-15 || total
---------------------------+-------+-------+-------+-------+-------++-------
  Melee: Club              |   222 |   344 |       |       |       ||   566
         Bite              |    19 |    50 |    54 |   105 |    74 ||   302
         Punch             |     2 |     8 |    18 |    33 |    25 ||    86
         Flail             |       |    13 |    95 |       |       ||   108
         Falchion          |       |       |   361 |   824 |   243 ||  1428
         Long sword        |       |       |       |       |   139 ||   139
         Demon whip        |       |       |       |       |    51 ||    51
 Invoke: Recall Ancestor   |       |       |       |     2 |       ||     2
         Ancestor Life: Ba |       |       |       |     1 |       ||     1
  Evoke: Wand              |       |    11 |    10 |    21 |     8 ||    50
    Use: Potion            |       |       |     4 |       |       ||     4
         Scroll            |       |       |       |       |    14 ||    14
   Stab: Sleeping          |     2 |     2 |     1 |     2 |     6 ||    13
         Distracted        |       |       |       |     8 |    10 ||    18
 Armour: Ring mail         |   167 |    38 |       |       |       ||   205
         Leather armour    |     5 |       |       |       |       ||     5
         Scale mail        |       |   170 |   361 |   770 |   132 ||  1433
         Skin              |       |       |   105 |       |       ||   105
         Chain mail        |       |       |       |       |   139 ||   139
  Dodge: Dodged            |   233 |   204 |   277 |   619 |   417 ||  1750

Table legend: (Time is in decaauts)
 A = Elapsed time spent in this place.
 B = Non-inter-level travel time spent in this place.
 C = Inter-level travel time spent in this place.
 D = Time resting spent in this place.
 E = Time spent auto-exploring this place.
 F = Levels seen in this place.
 G = Mean time per level.
                   A        B        C        D        E       F      G
               +--------+--------+--------+--------+--------+-----+--------+
         Total |  24219 |  23504 |    715 |   2570 |  16087 |  17 | 1424.6 |
       Dungeon |  18997 |  18361 |    636 |   2409 |  12094 |  13 | 1461.3 |
        Temple |      1 |      1 |      0 |      0 |      0 |   1 |    1.0 |
          Lair |   5220 |   5143 |     77 |    161 |   3992 |   3 | 1740.0 |
               +--------+--------+--------+--------+--------+-----+--------+

Top non-repeatable levels by time:
     D:7: 2488 daAuts
    D:10: 2318 daAuts
     D:6: 2283 daAuts
  Lair:1: 1851 daAuts
  Lair:2: 1713 daAuts
  Lair:3: 1654 daAuts
     D:9: 1569 daAuts
     D:5: 1535 daAuts
     D:4: 1485 daAuts
     D:3: 1469 daAuts
     D:8: 1363 daAuts
    D:12: 1337 daAuts
    D:11: 1109 daAuts
     D:1: 1051 daAuts
     D:2: 742 daAuts
